 Dungeon Crawl Stone Soup version 0.30-a0-758-gc2c871d025 (webtiles) character file.

Game seed: 4890043633139209256

1164 Querens the Vexing (level 8, 0/36 HPs)
             Began as a Spriggan Enchanter on Feb 10, 2023.
             Was an Initiate of Wu Jian.
             Slain by an iguana (13 damage)
             ... on level 6 of the Dungeon.
             The game lasted 00:12:31 (3053 turns).

Querens the Vexing (Spriggan Enchanter)             Turns: 3053, Time: 00:12:32

Health: 0/36       AC:  3    Str:  4    XL:     8   Next: 17%
Magic:  1/17       EV: 20    Int: 16    God:    Wu Jian [......]
Gold:   292        SH:  5    Dex: 18    Spells: 13/18 levels left

rFire   . . .      SeeInvis +    q - +3 dagger
rCold   . . .      Faith    .    t - +0 buckler
rNeg    . . .      Spirit   .    b - +0 robe
rPois   +          Reflect  .    (helmet restricted)
rElec   .          Harm     .    n - +0 cloak
rCorr   +          Rampage  .    (gloves unavailable)
Will    +....                    (boots unavailable)
Stlth   +++                      (no amulet)
HPRegen 0.26/turn                o - ring of resist corrosion
MPRegen 0.15/turn                r - ring of poison resistance

@: very quick
A: very small, no large weapons, unfitting armour, see invisible, speed 3
a: Renounce Religion


You were on level 6 of the Dungeon.
You worshipped Wu Jian.
Wu Jian was noncommittal.
You visited 1 branch of the dungeon, and saw 6 of its levels.

You collected 311 gold pieces.
You spent 19 gold pieces at shops.

Inventory:

Hand Weapons
 a - the +4 broad axe of Joyful Slaughter {speed, *Corrode rPois rN+++ Int-4}
   (You found it on level 3 of the Dungeon)

   Int:       It affects your intelligence (-4).
   rPois:     It protects you from poison.
   rN:        It renders you almost immune to negative energy.
   *Corrode:  It may corrode you when you take damage.
 q - a +3 dagger (weapon)
 w - the +6 whip "Paaggox" {freeze, rElec MP-9 Dex+3 Stlth+}
   (You found it on level 4 of the Dungeon)

   Dex:       It affects your dexterity (+3).
   rElec:     It insulates you from electricity.
   MP:        It affects your magic capacity (-9).
   Stlth:     It makes you more stealthy.
Armour
 b - a +0 robe (worn)
 n - a +0 cloak (worn)
 t - a +0 buckler (worn)
Jewellery
 o - a ring of resist corrosion (left hand)
 r - a ring of poison resistance (right hand)
Wands
 s - a wand of polymorph (5)
Scrolls
 d - 2 scrolls of identify {unknown}
 h - a scroll of immolation {unknown}
 i - 2 scrolls of teleportation {unknown}
 l - 2 scrolls of vulnerability {unknown}
 p - a scroll of fear {unknown}
 y - a scroll of silence {unknown}
Potions
 c - 3 potions of invisibility
 e - a potion of ambrosia {unknown}
 f - 6 potions of haste {unknown}
 g - 5 potions of curing {unknown}
 j - 3 potions of lignification {unknown}
 k - a potion of berserk rage {unknown}
 m - 2 potions of mutation {unknown}
 u - a potion of heal wounds {unknown}
 v - a potion of flight {unknown}
 x - 2 potions of degeneration {unknown}


   Skills:
 + Level 4.9 Short Blades
 + Level 6.3 Dodging
 - Level 4.4 Stealth
 + Level 2.6 Shields
 + Level 5.9 Spellcasting
 + Level 6.5 Hexes


You had 13 spell levels left.
You knew the following spells:

 Your Spells              Type           Power      Damage    Failure   Level
a - Ensorcelled Hibernat  Hex/Ice        30%        N/A       12%         2
b - Confusing Touch       Hex            25%        N/A       6%          3

Your spell library contained the following spells:

 Spells                   Type           Power      Damage    Failure   Level
 Tukima's Dance           Hex            25%        N/A       6%          3
 Dazzling Flash           Conj/Hex       30%        N/A       22%         3
 Kiss of Death            Conj/Necr      16%        2d6       28%         1
 Sandblast                Erth           8%         2d5       28%         1
 Passwall                 Tmut/Erth      3%         N/A       41%         2
 Stone Arrow              Conj/Erth      8%         3d7       65%         3
 Silence                  Hex/Air        7%         N/A       91%         5
 Animate Armour           Summ/Erth      8%         N/A       96%         4
 Dispel Undead            Necr           4%         3d7       96%         4
 Passage of Golubria      Tloc           4%         N/A       96%         4
 Iskenderun's Battlesphe  Conj           4%         2d6       100%        5
 Iron Shot                Conj/Erth      2%         9d2       100%        6
 Spellforged Servitor     Conj/Summ      2%         N/A       100%        7
 Lehudib's Crystal Spear  Conj/Erth      2%         10d2      100%        8


Dungeon Overview and Level Annotations

Branches:
Dungeon (6/15)
 Temple: D:4-7

Altars:
Ashenzari
Makhleb
Okawaru
Qazlal
Vehumet
Wu Jian
Zin

Shops:
D:1 :*


Innate Abilities, Weirdness & Mutations

You are very small and have problems with some larger weapons.
You are too small for most types of armour.
You have supernaturally acute eyesight. (SInv)
You cover ground extremely quickly. (Speed+++)


Message History

You lunge at the gnoll.
The helpless gnoll fails to defend itself.
You impale the gnoll!!
You kill the gnoll!
The Council accepts your kill.
Casting: Ensorcelled Hibernation (safe; 12% risk of failure)
Confirm with . or Enter, or press ? or * to list all spells.
Aiming: Ensorcelled Hibernation (safe; 12% risk of failure)
Press: ? - help, Shift-Dir - straight line, f - gnoll
Aim: a gnoll, wielding a +0 halberd (covering ground quickly, chance to affect: 57%)
The gnoll resists with significant effort.
The gnoll misses you.
Casting: Ensorcelled Hibernation (safe; 12% risk of failure)
Confirm with . or Enter, or press ? or * to list all spells.
Aiming: Ensorcelled Hibernation (safe; 12% risk of failure)
Press: ? - help, Shift-Dir - straight line, f/p - gnoll
Aim: a gnoll, wielding a +0 halberd (covering ground quickly, chance to affect: 57%)
You miscast Ensorcelled Hibernation.
You are very lightly contaminated with residual magic.
Nothing appears to happen.
The gnoll closely misses you.
Casting: Ensorcelled Hibernation (safe; 12% risk of failure)
Confirm with . or Enter, or press ? or * to list all spells.
Aiming: Ensorcelled Hibernation (safe; 12% risk of failure)
Press: ? - help, Shift-Dir - straight line, f/p - gnoll
Aim: a gnoll, wielding a +0 halberd (covering ground quickly, chance to affect: 57%)
The gnoll resists with significant effort.
The gnoll hits you from afar with a +0 halberd.
You see here 5 gold pieces.
You now have 292 gold pieces (gained 5).
The gnoll hits you from afar with a +0 halberd!
Your attacks no longer feel as feeble.
An iguana comes into view.
You lunge at the iguana.
The iguana hisses angrily.
You hit the iguana.
The iguana is moderately wounded.
The iguana completely misses you.
Your magical contamination has completely faded away.
The iguana bites you!
You die...

...........##
#.###.###.######
#.......gg....#
#.#####.#####.#
# #.# #g# #$#
#.# #.#####g#
#.##l...#
#.##@#### ..##.#
..# ####


You could see an iguana and a gnoll (swift).

Vanquished Creatures
  A troll (D:5)
  A steam dragon (D:6)
  A water moccasin (D:6)
  An orc warrior (D:6)
  2 necrophages
  3 scorpions (D:5)
  An orc priest (D:6)
  2 jellies (D:4)
  2 iguanas
  An orc wizard (D:6)
  Robin (D:4)
  A gnoll (D:6)
  7 adders
  A shadow imp (D:5)
  A dart slug (D:1)
  6 orcs
  5 ball pythons
  8 endoplasms
  3 giant cockroaches
  11 goblins
  9 hobgoblins
  2 jackals (D:4)
  2 quokkas
  4 bats
  4 frilled lizards
  8 kobolds
  3 rats
91 creatures vanquished.

Notes
Turn   | Place    | Note
-------+----------+-------------------------------------------
     0 | D:1      | Querens the Spriggan Enchanter began the quest for the Orb.
     0 | D:1      | Reached XP level 1. HP: 9/9 MP: 5/5
    36 | D:1      | Found Detor's Vocational Training.
   187 | D:1      | Reached XP level 2. HP: 8/13 MP: 6/6
   190 | D:1      | Learned a level 2 spell: Ensorcelled Hibernation
   265 | D:1      | Found Meaxucil's Assorted Antiques.
   274 | D:1      | Bought a brown potion for 19 gold pieces
   750 | D:2      | Reached XP level 3. HP: 16/16 MP: 8/8
   790 | D:2      | Learned a level 3 spell: Confusing Touch
   808 | D:2      | Found a faded altar of an unknown god.
  1226 | D:3      | Found a broken altar of Ashenzari.
  1315 | D:3      | Identified the +4 broad axe of Joyful Slaughter {speed,
                  | *Corrode rPois rN+++ Int-4}
  1525 | D:3      | Reached XP level 4. HP: 20/21 MP: 10/10
  1875 | D:4      | Noticed Robin
  1882 | D:4      | Killed Robin
  2125 | D:4      | Reached XP level 5. HP: 24/24 MP: 4/11
  2274 | D:4      | Reached skill level 1 in Shields
  2293 | D:4      | Found a stormy altar of Qazlal.
  2295 | D:4      | Found a glowing silver altar of Zin.
  2297 | D:4      | Found a burning altar of Makhleb.
  2297 | D:4      | Found an iron altar of Okawaru.
  2383 | D:4      | Identified the +6 whip "Paaggox" {freeze, rElec MP-9 Dex+3
                  | Stlth+}
  2386 | D:4      | Reached skill level 5 in Hexes
  2386 | D:4      | Reached XP level 6. HP: 23/28 MP: 11/13
  2435 | D:5      | Entered Level 5 of the Dungeon
  2544 | D:5      | Noticed a troll
  2594 | D:5      | Killed a troll
  2595 | D:5      | Reached skill level 5 in Dodging
  2595 | D:5      | Reached skill level 5 in Spellcasting
  2595 | D:5      | Reached XP level 7. HP: 25/32 MP: 4/15
  2863 | D:6      | Found a radiant altar of Vehumet.
  2863 | D:6      | Found an ornate altar of the Wu Jian Council.
  2868 | D:6      | Became a worshipper of the Wu Jian Council
  3018 | D:6      | Reached XP level 8. HP: 36/36 MP: 8/17
  3053 | D:6      | Slain by an iguana

Illustrated notes

Levels and vault maps discovered:
D:1:      evilmike_arrival_crescent, layout_loops_corners, serial_shops,
          shop_statue, nicolae_shop_vocational
D:2:      layout_basic, dreamdust_ecumenical_altar_angels_and_demons
D:3:      minmay_angry_zag, layout_loops_ring,
          mainiacjoe_overflow_six_doors_small, minmay_ruptured
D:4:      layout_basic, mainiacjoe_overflow_alcove_3, uniq_robin
D:5:      layout_cave_pools
D:6:      layout_loops_ring, gammafunk_temple_overflow_statue,
          nicolae_concentric_dashed_squares_wild, hellmonk_bongcloud_opening,
          minivault_10, nrook_loot_triangle

Skill      XL: |  1  2  3  4  5  6  7 |
---------------+----------------------+-----
Dodging        | 3 4 5 6 |  6.3
Spellcasting   | 3 4 5 |  5.9
Hexes          | 4 5 6 |  6.5
Short Blades   | 2 3 4 |  4.9
Shields        | 1 2 |  2.6
Stealth        | |  4.4

Action                     |  1- 3 |  4- 6 |  7- 9 || total
---------------------------+-------+-------+-------++-------
  Melee: Dagger            |   146 |    90 |    30 ||   266
   Cast: Ensorcelled Hiber |     2 |    16 |    12 ||    30
         Confusing Touch   |       |     2 |     1 ||     3
Ability: Lunge             |       |       |     6 ||     6
   Stab: Sleeping          |    12 |    13 |    10 ||    35
         Confused          |       |     3 |     1 ||     4
 Armour: Robe              |    11 |     5 |       ||    16
  Dodge: Dodged            |    86 |    50 |    27 ||   163
  Block: Buckler           |       |    11 |     2 ||    13

Table legend: (Time is in decaauts)
 A = Elapsed time spent in this place.
 B = Non-inter-level travel time spent in this place.
 C = Inter-level travel time spent in this place.
 D = Time resting spent in this place.
 E = Time spent auto-exploring this place.
 F = Levels seen in this place.
 G = Mean time per level.
                   A        B        C        D        E       F      G
               +--------+--------+--------+--------+--------+-----+--------+
         Total |   1995 |   1874 |    121 |      5 |      0 |   6 |  332.5 |
       Dungeon |   1995 |   1874 |    121 |      5 |      0 |   6 |  332.5 |
               +--------+--------+--------+--------+--------+-----+--------+

Top non-repeatable levels by time:
     D:1: 471 daAuts
     D:4: 429 daAuts
     D:3: 365 daAuts
     D:2: 317 daAuts
     D:5: 219 daAuts
     D:6: 192 daAuts
